 Dungeon Crawl Stone Soup version 0.30-a0-830-gfe289a77b0 (webtiles) character file.

Game seed: 5024150905370493783

164 cforsyth the Sneak (level 5, -2/32 HPs)
             Began as a Kobold Brigand on Feb 28, 2023.
             Slain by a gnoll
             ... wielding a +0 spear
              (9 damage)
             ... on level 3 of the Dungeon.
             The game lasted 00:03:56 (3810 turns).

cforsyth the Sneak (Kobold Brigand)                 Turns: 3810, Time: 00:03:57

Health: -2/32      AC:  5    Str:  9    XL:     5   Next: 73%
Magic:  5/5        EV: 15    Int: 12    God:
Gold:   263        SH:  0    Dex: 18    Spells: 4/4 levels left

rFire   . . .      SeeInvis +    a - +2 dagger
rCold   . . .      Faith    .    (no shield)
rNeg    + . .      Spirit   .    b - +0 robe
rPois   .          Reflect  .    n - +0 helmet
rElec   .          Harm     +    p - +1 cloak "Earthly Heaven" {Harm Rampage rN+ SInv}
rCorr   .          Rampage  +    (no gloves)
Will    .....                    (no boots)
Stlth   +++++                    (no amulet)
HPRegen 0.25/turn                (no ring)
MPRegen 0.09/turn                (no ring)

@: no status effects
A: small, no large weapons, nightstalker 3
a: no special abilities


You were on level 3 of the Dungeon.
You visited 1 branch of the dungeon, and saw 4 of its levels.

You collected 263 gold pieces.

Inventory:

Hand Weapons
 a - a +2 dagger (weapon)
Missiles
 d - 9 poisoned darts (quivered)
 e - 3 curare-tipped darts
Armour
 b - a +0 robe (worn)
 c - a +0 cloak
 n - a +0 helmet (worn)
 p - the +1 cloak "Earthly Heaven" (worn) {Harm Rampage rN+ SInv}
   (You found it on level 3 of the Dungeon)

   rN:        It protects you from negative energy.
   SInv:      It lets you see invisible.
   Harm:      It increases damage dealt and taken.
   Rampage:   It bestows one free step when moving towards enemies.
Scrolls
 f - a scroll of fog {unknown}
 h - 3 scrolls of teleportation {unknown}
 k - 2 scrolls of magic mapping {unknown}
 o - a scroll of vulnerability {unknown}
 q - a scroll of amnesia {unknown}
 r - a scroll of torment {unknown}
 s - 2 scrolls of immolation {unknown}
Potions
 g - 3 potions of might {unknown}
 i - 2 potions of heal wounds {unknown}
 j - 3 potions of degeneration {unknown}
 l - 2 potions of curing {unknown}
 m - a potion of haste


   Skills:
 + Level 3.5 Fighting
 + Level 4.2 Short Blades
 - Level 2.1 Throwing
 + Level 3.1 Dodging
 + Level 6.5 Stealth


You had 4 spell levels left.
You didn't know any spells.
Your spell library contained the following spells:

 Spells                   Type           Power      Damage    Failure   Level
 Summon Small Mammal      Summ           0%         N/A       32%         1
 Call Canine Familiar     Summ           0%         N/A       69%         3
 Summon Guardian Golem    Hex/Summ       0%         N/A       69%         3


Dungeon Overview and Level Annotations

Branches:
Dungeon (4/15)
 Temple: D:4-7

Altars:


Innate Abilities, Weirdness & Mutations

You are small and have problems with some larger weapons.
You are completely attuned to the shadows.


Message History

You closely miss the gnoll.
The gnoll is moderately wounded.
The kobold closely misses you. The kobold completely misses you.
The gnoll misses you.
A kobold comes into view. It is wielding a +0 club.
You hit the gnoll.
The gnoll is moderately wounded.
A gnoll comes into view. It is wielding a +0 spear.
The gnoll hits you with a +0 club. The kobold closely misses you.
The gnoll closely misses you. The kobold completely misses you.
You hit the gnoll.
The gnoll is heavily wounded.
The gnoll hits you with a +0 club. The gnoll barely misses you.
The gnoll hits you with a +0 club. The kobold barely misses you.
The kobold misses you.
You barely miss the gnoll.
The gnoll is heavily wounded.
The gnoll hits you from afar with a +0 spear.
The gnoll barely misses you.
A gnoll comes into view. It is wielding a +0 club.
The gnoll barely misses you.
A kobold comes into view. It is wielding a +0 club.
The gnoll hits you but does no damage. The kobold hits you with a +0 club.
The kobold closely misses you.
You are too injured to fight recklessly!
You are too injured to fight recklessly!
You are too injured to fight recklessly!
You are too injured to fight recklessly!
You are too injured to fight recklessly!
You are too injured to fight recklessly!
You are too injured to fight recklessly!
The gnoll hits you from afar with a +0 spear.
* * * LOW HITPOINT WARNING * * *
The gnoll closely misses you. x2; The kobold hits you but does no damage.
The gnoll misses you.
The kobold throws a stone.
The stone barely misses you.
The kobold shouts!
You hear a shout!
The gnoll hits you from afar with a +0 spear.
* * * LOW HITPOINT WARNING * * *
The gnoll hits you from afar with a +0 spear!
You die...

~~~~~≈≈≈≈~~≈≈~≈≈~≈≈≈≈≈≈≈......~≈~
≈≈≈≈≈≈≈≈≈≈≈≈≈≈≈≈≈~≈≈≈≈≈≈~....~≈≈≈
≈≈≈≈≈≈≈≈≈≈≈≈≈≈≈≈≈≈≈≈≈≈≈~~.....~≈≈
######################''#####
#.....#. #....#... #......'
#....#..(
.....Kg#########....####
.....gK.......#.)..))#..
....K..@......'......'.g
.....g........#.)....#..
......g#########..).#### #.....K'
#.(..#... ##.....#g #..(.#...
####### #########


You could see 4 gnolls and 4 kobolds.

Vanquished Creatures
  5 gnolls
  3 adders
  A worm (D:3)
  A dart slug (D:2)
  4 orcs (D:3)
  4 endoplasms
  3 giant cockroaches
  5 goblins
  11 hobgoblins
  2 jackals (D:1)
  3 quokkas
  4 ball pythons (D:2)
  2 bats
  4 frilled lizards
  21 kobolds
  5 rats
78 creatures vanquished.

Vanquished Creatures (others)
  4 toadstools (D:1)
4 creatures vanquished.

Grand Total: 82 creatures vanquished

Notes
Turn   | Place    | Note
-------+----------+-------------------------------------------
     0 | D:1      | cforsyth the Kobold Brigand began the quest for the Orb.
     0 | D:1      | Reached XP level 1. HP: 12/12 MP: 1/1
    96 | D:1      | Reached XP level 2. HP: 18/18 MP: 2/2
   892 | D:2      | Reached XP level 3. HP: 22/22 MP: 3/3
  1529 | D:2      | Reached XP level 4. HP: 27/27 MP: 4/4
  1716 | D:3      | Reached skill level 6 in Stealth
  2215 | D:3      | Identified the +1 cloak "Earthly Heaven" {Harm Rampage rN+
                  | SInv}
  2236 | D:3      | Noticed a kobold brigand
  2731 | D:4      | Reached XP level 5. HP: 30/32 MP: 5/5
  3810 | D:3      | Slain by a gnoll

Illustrated notes

Levels and vault maps discovered:
D:1:      lightli_arrival_windingriver, layout_loops_ring,
          minmay_gold_behind_fungi, dreamdust_mushroom_princess,
          minmay_tree_intersection
D:2:      layout_loops_ring
D:3:      minmay_goblin_kobold_castle, layout_basic
D:4:      layout_basic, chequers_serial_rivers_room_a

Skill      XL: |  1  2  3  4  5 |
---------------+----------------+-----
Short Blades   | 3 4 |  4.2
Dodging        | 2 3 |  3.1
Stealth        | 6 |  6.5
Fighting       | 3 |  3.5
Throwing       | |  2.1

Action                     |  1- 3 |  4- 6 || total
---------------------------+-------+-------++-------
  Melee: Dagger            |    94 |   119 ||   213
         Punch             |       |     2 ||     2
   Stab: Sleeping          |    18 |    17 ||    35
 Armour: Robe              |    11 |    27 ||    38
  Dodge: Dodged            |    46 |    97 ||   143

Table legend: (Time is in decaauts)
 A = Elapsed time spent in this place.
 B = Non-inter-level travel time spent in this place.
 C = Inter-level travel time spent in this place.
 D = Time resting spent in this place.
 E = Time spent auto-exploring this place.
 F = Levels seen in this place.
 G = Mean time per level.
                   A        B        C        D        E       F      G
               +--------+--------+--------+--------+--------+-----+--------+
         Total |   3793 |   3664 |    129 |   1010 |   2137 |   4 |  948.2 |
       Dungeon |   3793 |   3664 |    129 |   1010 |   2137 |   4 |  948.2 |
               +--------+--------+--------+--------+--------+-----+--------+

Top non-repeatable levels by time:
     D:3: 1171 daAuts
     D:4: 903 daAuts
     D:1: 899 daAuts
     D:2: 818 daAuts
